cohdb
Replays
Latest Replays
All Replays
Popular Replays
Top Player Replays
Match Explorer
How It Works
Community
CoH3 Stats
Reddit
Sign in to upload your games and track your stats! →
Sign in with Steam
Match 25046926
Unlisted
Match 25046926
Overview
Messages
Build Orders
End
Kradschützen Motorcycle Team
Selects Italian Combined Arms Battlegroup
Selects Bersaglieri Squad
Bersaglieri Squad
Kradschützen Motorcycle Team
Construct Light Support Kompanie
MG34 Team
Fire Support Elements
Assault Grenadier Squad
Flakvierling Half-track
Panzerjäger Mechanized Group
2.5-tonne Medical Truck
Veteran Squad Leaders
Construct Panzerarmee Kommand
Selects Semovente da 75/18 Assault Gun
Selects Strafing Run
Strafing Run
Panzerjäger Mechanized Group
Strafing Run
Panzer III L Medium Tank
Selects Artillery Cover
Strafing Run
Panzer III L Medium Tank
Artillery Cover
Rapid Advance
Panzer III L Medium Tank
Strafing Run
CAN'T DODGE THE RODGE
ConcernedApe
0
0
Comments
sign in to comment!
No comments posted yet!